 Dungeon Crawl Stone Soup version 0.30-a0-339-g89bb51ec76 (webtiles) character file.

Game seed: 3941981910227124251

307 Muataran the Chopper (level 6, -4/56 HPs)
             Began as a Hill Orc Monk on Oct 31, 2022.
             Slain by Menkaure (10 damage)
             ... on level 4 of the Dungeon.
             The game lasted 00:07:10 (3037 turns).

Muataran the Chopper (Hill Orc Monk)                Turns: 3037, Time: 00:07:10

Health: -4/56      AC: 11    Str: 16    XL:     6   Next: 40%
Magic:  6/6        EV:  7    Int: 10    God:
Gold:   160        SH:  0    Dex: 13    Spells: 5/5 levels left

rFire   . . .      SeeInvis .    a - +0 hand axe
rCold   . . .      Faith    .    (no shield)
rNeg    . . .      Spirit   .    n - +0 chain mail
rPois   .          Reflect  .    p - +0 helmet
rElec   .          Harm     .    (no cloak)
rCorr   .          Rampage  .    r - +0 pair of gloves
Will    .....                    (no boots)
Stlth   ..........               (no amulet)
HPRegen 0.29/turn                (no ring)
MPRegen 0.10/turn                (no ring)

@: about to teleport, slowed, very slow
A: no striking features
a: no special abilities


You were on level 4 of the Dungeon.
You visited 1 branch of the dungeon, and saw 4 of its levels.

You collected 160 gold pieces.

Inventory:

Hand Weapons
 a - a +0 hand axe (weapon)
Armour
 n - a +0 chain mail (worn)
 p - a +0 helmet (worn)
 r - a +0 pair of gloves (worn)
Wands
 u - a wand of flame (6)
Scrolls
 d - a scroll of vulnerability {unknown}
 h - a scroll of teleportation
 i - a scroll of amnesia {unknown}
 j - a scroll of enchant armour {unknown}
 k - 2 scrolls of fear {unknown}
 l - 2 scrolls of enchant weapon {unknown}
 m - a scroll of butterflies {unknown}
 s - 2 scrolls of identify
 t - a scroll of poison {unknown}
Potions
 b - 2 potions of attraction
 c - a potion of berserk rage {unknown}
 e - a potion of lignification {unknown}
 f - 3 potions of brilliance
 g - 3 potions of curing
 o - 4 potions of resistance
 q - 2 potions of degeneration
 v - a potion of magic {unknown}


   Skills:
 + Level 5.3 Fighting
 * Level 7.2 Axes
 + Level 2.7 Armour
 - Level 2.4 Dodging
 - Level 1.5 Stealth


You had 5 spell levels left.
You didn't know any spells.
Your spell library contained the following spells:

 Spells                   Type           Power      Damage    Failure   Level
 Blink                    Tloc           0%         N/A       100%        2
 Momentum Strike          Conj/Tloc      0%         3d8       100%        2
 Lesser Beckoning         Tloc           0%         N/A       100%        3


Dungeon Overview and Level Annotations

Branches:
Dungeon (4/15)
 Temple: D:4-7

Altars:
Dithmenos

Annotations:
D:3 Sigmund
D:4 Menkaure


Message History

As you read the scroll of identify, it crumbles to dust.
b - 2 potions of attraction Something unseen opens the door.
Okay, then.
You hit Natasha.
Natasha is severely wounded.
Natasha claws you. x2
You hit Natasha.
Natasha is severely wounded.
Natasha barely misses you.
You closely miss Natasha.
Natasha is severely wounded.
Natasha casts a spell.
Menkaure casts a spell.
Menkaure seems to speed up.
Natasha extends her claws.
Natasha claws you.
You hit Natasha.
Natasha is almost dead.
You closely miss the white imp.
Natasha howls an incantation.
Natasha glows brightly for a moment.
Natasha casts a spell at you.
The magic dart hits you but does no damage.
The white imp gestures at you. The puff of frost hits you.
You hit Natasha.
You kill Natasha!
Natasha screams in fury as she dies!
The white imp disappears in a puff of smoke!
Menkaure closely misses you.
Menkaure calls on the powers of darkness!
Your body is wracked with pain!
* * * LOW HITPOINT WARNING * * *
There is an open door, spattered with blood here.
Okay, then.
As you read the scroll of teleportation, it crumbles to dust.
You feel strangely unstable. Menkaure hits you.
* * * LOW HITPOINT WARNING * * *
Menkaure hits you!
You die...

######### #######
........#########......# ###
#.......#...†§..#......# .......
. #......#...#..§#......#........
.. #.....#...#.M§#......#[...##..
... #....#..####@#......#....##..
.h.. #...h..#...........#........
#M...###....#....................
#..M.+....~~~~........♣ ..♣
#....#...P~~~~.+##...♣#
#....####.~~~~...#...♣ ♣♣♣ #....+
...~.~.P..#...♣# #♣.♣#
#....#..#........#....♣♣♣...♣
#....#..+.....##+#...........


You could see Menkaure (fast).

Vanquished Creatures
  A bullfrog zombie (D:4)
  A centaur zombie (D:4)
  Natasha (twice) (D:4)
  2 scorpion zombies (D:4)
  A hound skeleton (D:4)
  A howler monkey zombie (D:4)
  3 gnolls
  2 adders (D:4)
  An adder skeleton (D:4)
  An adder zombie (D:4)
  2 worms (D:2)
  3 dart slugs
  2 orcs
  5 ball pythons
  5 endoplasms
  A giant cockroach (D:4)
  8 goblins
  3 hobgoblins (D:1)
  6 jackals
  3 quokkas
  5 bats
  2 frilled lizards
  A jackal skeleton (D:4)
  4 kobolds
  7 rats
72 creatures vanquished.

Vanquished Creatures (others)
  A fungus (D:1)
  2 withered plants (D:4)
3 creatures vanquished.

Grand Total: 75 creatures vanquished

Notes
Turn   | Place    | Note
-------+----------+-------------------------------------------
     0 | D:1      | Muataran the Hill Orc Monk began the quest for the Orb.
     0 | D:1      | Reached XP level 1. HP: 19/19 MP: 1/1
   212 | D:1      | Reached XP level 2. HP: 24/27 MP: 2/2
   414 | D:1      | Found a faded altar of an unknown god.
   421 | D:1      | Reached skill level 5 in Axes
   430 | D:1      | Reached XP level 3. HP: 33/33 MP: 3/3
  1537 | D:3      | Reached XP level 4. HP: 40/41 MP: 4/4
  1564 | D:3      | Noticed Sigmund
  1671 | D:3      | Reached skill level 1 in Armour
  1768 | D:2      | HP: 2/41 [gnoll/+0 flail (3)]
  2200 | D:3      | Found a shadowy altar of Dithmenos.
  2341 | D:4      | Reached skill level 6 in Axes
  2512 | D:4      | Reached XP level 5. HP: 27/47 MP: 5/5
  2818 | D:4      | Reached skill level 5 in Fighting
  2903 | D:4      | Reached XP level 6. HP: 49/56 MP: 6/6
  2941 | D:4      | Reached skill level 7 in Axes
  2975 | D:4      | Noticed Natasha
  2986 | D:4      | Killed Natasha
  3018 | D:4      | Noticed Natasha
  3018 | D:4      | Noticed Menkaure
  3034 | D:4      | Killed Natasha
  3037 | D:4      | Slain by Menkaure

Illustrated notes

Levels and vault maps discovered:
D:1:      dpeg_arrival_solitude, layout_rooms,
          shapermc_ecumenical_altar_acropolis, kennysheep_doodads
D:2:      layout_basic, minivault_19
D:3:      layout_loops_ring, nicolae_dithmenos_the_darkroom, feat_on_display,
          uniq_sigmund
D:4:      layout_gridville, gammafunk_ghost_nasty_kobolds, serial_undead,
          serial_undead_a, serial_undead_f, serial_undead_b, serial_undead_e,
          serial_undead_c, serial_undead_b, minmay_stone_trees_large,
          nrook_mini_backslash, uniq_menkaure, uniq_natasha

Skill      XL: |  1  2  3  4  5  6 |
---------------+-------------------+-----
Fighting       | 4 5 |  5.3
Axes           | 5 6 7 |  7.2
Armour         | 1 2 |  2.7
Dodging        | |  2.4
Stealth        | |  1.5

Action                   |  1- 3 |  4- 6 || total
-------------------------+-------+-------++-------
Melee: Hand axe          |   105 |   163 ||   268
       Punch             |       |     1 ||     1
  Use: Scroll            |     4 |     2 ||     6
       Potion            |       |     1 ||     1
 Stab: Sleeping          |     2 |       ||     2
Armor: Robe              |    18 |       ||    18
       Chain mail        |    26 |   100 ||   126
Dodge: Dodged            |    53 |    66 ||   119

Table legend: (Time is in decaauts)
 A = Elapsed time spent in this place.
 B = Non-inter-level travel time spent in this place.
 C = Inter-level travel time spent in this place.
 D = Time resting spent in this place.
 E = Time spent auto-exploring this place.
 F = Levels seen in this place.
 G = Mean time per level.
                   A        B        C        D        E       F      G
               +--------+--------+--------+--------+--------+-----+--------+
         Total |   3069 |   2917 |    152 |    425 |   1693 |   4 |  767.2 |
       Dungeon |   3069 |   2917 |    152 |    425 |   1693 |   4 |  767.2 |
               +--------+--------+--------+--------+--------+-----+--------+

Top non-repeatable levels by time:
     D:2: 1146 daAuts
     D:4: 726 daAuts
     D:1: 628 daAuts
     D:3: 568 daAuts
